AoeStats
← boringstorm

Arena

509691675Analyzed
1v1 RM · 3d ago on Sep 27, 2026· 33m 1s· 2 players
Game mode
Random Map
Map size
Tiny (2 player)
Population
200
Speed
Normal
Resources
Standard
Victory
Conquest
Starting age
Dark Age
Ending age
Imperial Age
RankedLock teamsTeams togetherTeam positionsShared explorationLock speedFull tech treeHidden civsTurbo modeCheats
Victory
Defeat
🇺🇸 Hindustanis · United States
916
+17
🇺🇸 Britons · United States
948
-17
boringstorm
1:12 Loom
10:45 Feudal Age
14:26 Castle Age
12:29 Double-Bit Axe
12:51 Loom
13:11 Horse Collar
18:56 Loom
20:40 Bow Saw
21:16 Heavy Plow
22:58 Wheelbarrow
25:06 Hand Cart
27:55 Imperial Age
26:09 Grand Trunk Road
26:22 Forging
26:24 Town Watch
28:00 Iron Casting
27:26 Scale Mail Armor
27:53 Town Patrol
28:09 Stone Mining
28:10 Gold Mining
29:46 Blast Furnace
29:52 Two-Man Saw
29:59 Elite Ghulam
31:43 Chain Mail Armor
32:05 Conscription
33:19 Stone Shaft Mining
33:22 Gold Shaft Mining
Exyrius
10:20 Feudal Age
12:07 Double-Bit Axe
12:04 Horse Collar
16:25 Castle Age
15:34 Horse Collar
23:23 Fletching
23:33 Padded Archer Armor
25:07 Bodkin Arrow
25:42 Ballistics
25:43 Double-Bit Axe
26:00 Heavy Plow
26:53 Leather Archer Armor
33:15 Imperial Age
Connection lost

Rejoining the realm…

Still unreachable

The connection could not be restored.

Session expired

The server has moved on; the page needs a fresh start.